 Dungeon Crawl Stone Soup version 0.22-a0-305-gd21a89c (webtiles) character file.

2648 xccam the Cleaver (level 9, 0/64 HPs)
             Began as a Formicid Fighter on Mar 30, 2018.
             Was a Follower of Cheibriados.
             Slain by an orc warrior
             ... wielding a +0 battleaxe
              (13 damage)
             ... on level 8 of the Dungeon.
             The game lasted 00:12:15 (6627 turns).

xccam the Cleaver (Formicid Fighter)                Turns: 6627, Time: 00:12:16

Health: 0/64       AC:  8    Str: 26    XL:     9   Next: 93%
Magic:  9/9        EV: 10    Int: 11    God:    Cheibriados [*.....]
Gold:   423        SH: 12    Dex: 14    Spells: 8/8 levels left

rFire    . . .     SeeInvis +   a - +0 war axe
rCold    . . .     Gourm    .   c - +0 shield
rNeg     . . .     Faith    .   b - +0 scale mail
rPois    .         Spirit   .   (helmet unavailable)
rElec    .         Reflect  .   l - +0 cloak
rCorr    .         Harm     .   (no gloves)
MR       .....                  (no boots)
Stlth    ..........             (no amulet)
HPRegen  0.20/turn              (no ring)
MPRegen  0.11/turn              (no ring)

@: very slow
A: permanent stasis, dig shafts and tunnels, four strong arms, antennae 3
a: Dig, Shaft Self, Bend Time, Renounce Religion


You were on level 8 of the Dungeon.
You worshipped Cheibriados.
Cheibriados was aware of your devotion.
You were not hungry.

You visited 2 branches of the dungeon, and saw 9 of its levels.

You collected 423 gold pieces.

Inventory:

Hand Weapons
 a - a +0 war axe (weapon)
Armour
 b - a +0 scale mail (worn)
 c - a +0 shield (worn)
 l - a +0 cloak (worn)
Wands
 o - a wand of disintegration (9)
 s - a wand of polymorph (15)
Scrolls
 g - 3 scrolls of teleportation {unknown}
 j - 3 scrolls of remove curse
 m - a scroll of enchant weapon {unknown}
 r - 3 scrolls of magic mapping {unknown}
 t - a scroll of silence {unknown}
 u - 3 scrolls of amnesia {unknown}
 v - a scroll of blinking {unknown}
 w - a scroll of fog {unknown}
Potions
 d - a potion of haste
 e - 3 potions of flight
 k - a potion of magic
 n - a potion of resistance
Comestibles
 f - 12 rations


   Skills:
 - Level 3.2 Fighting
 + Level 10.9 Axes
 - Level 3.2 Armour
 - Level 9.1 Shields


You had 8 spell levels left.
You didn't know any spells.

Dungeon Overview and Level Annotations

Branches:
Dungeon (8/15)             Temple (1/1) D:5
   Lair: D:8-11

Altars:
Ashenzari
Cheibriados
Fedhas
Gozag
Kikubaaqudgha
Nemelex Xobeh
Okawaru
Ru
Sif Muna
Xom
Zin

Annotations:
D:8 Maurice


Innate Abilities, Weirdness & Mutations

You cannot be hasted, slowed, berserked, paralysed or teleported.
You can dig through walls and to a lower floor.
Your four strong arms can wield two-handed weapons with a shield.
You have a pair of large antennae on your head. (SInv)


Message History

Your scale mail prevents you from hitting the orc warrior.
Maurice zaps a wand.
You hear a grinding noise.
It is a wand of digging (12).
You block the orc warrior's attack.
You hit the orc warrior but do no damage.
The orc warrior hits you with a battleaxe.
You closely miss the orc warrior. You closely miss the orc warrior.
You hear a zap.
Some rock shatters into small pieces.
You block the orc warrior's attack.
You hit the orc warrior.
The orc warrior is moderately wounded.
The orc warrior hits you with a battleaxe!
* * * LOW HITPOINT WARNING * * *
Maurice zaps a wand.
Some rock shatters into small pieces.
Maurice gestures wildly while chanting.
Maurice flickers and vanishes for a moment.
You block the orc's attack.
The orc warrior hits you with a battleaxe!
You die...

###..## ###.....#
##.......# .
#........# #!.
##........# ###...#
#.........##)...... #
#.................. .
#........o...#..... .
#####.......@o#.##
...
.####..............##
#
.......##.....<...##
#...#####........##
..### ........## .##
##....### .# ######
.# ## ####


You could see an orc warrior and an orc.

Vanquished Creatures
  The ghost of xccam the Cleaver, a journeyman FoFi of Cheibriados (D:8)
  Grum (D:8)
  Duvessa (D:4)
  2 phantoms (D:4)
  A sky beast (D:5)
  An orc warrior (D:6)
  2 wolves (D:8)
  An ogre (D:7)
  A bullfrog (D:7)
  Dowan (D:4)
  A scorpion (D:5)
  A howler monkey (D:6)
  3 crimson imps
  A bullfrog zombie (D:5)
  2 jellies
  3 hounds
  2 orc priests (D:5)
  9 orc wizards
  Crazy Yiuf (D:2)
  A bullfrog skeleton (D:6)
  An iguana (D:4)
  A worker ant (D:6)
  A killer bee zombie (D:7)
  A howler monkey zombie (D:6)
  A worker ant zombie (D:5)
  3 gnolls (D:2)
  A howler monkey skeleton (D:5)
  4 adders
  A shadow imp (D:6)
  2 worms
  3 dart slugs
  3 leopard geckos
  29 orcs
  2 giant cockroaches
  6 hobgoblins
  4 jackals
  3 quokkas
  9 bats
  4 frilled lizards
  4 goblins
  A jackal zombie (D:5)
  10 kobolds
  A leopard gecko zombie (D:6)
  A quokka skeleton (D:4)
  6 rats
138 creatures vanquished.

Vanquished Creatures (others)
  An orc wizard (D:6)
1 creature vanquished.

Grand Total: 139 creatures vanquished

Notes
Turn   | Place    | Note
-------+----------+-------------------------------------------
     0 | D:1      | xccam the Formicid Fighter began the quest for the Orb.
     0 | D:1      | Reached XP level 1. HP: 18/18 MP: 1/1
   169 | D:1      | Reached XP level 2. HP: 22/24 MP: 2/2
   276 | D:1      | Reached skill level 3 in Axes
   778 | D:2      | Reached XP level 3. HP: 23/29 MP: 3/3
  1016 | D:2      | Found a runed door.
  1153 | D:2      | Noticed Crazy Yiuf
  1160 | D:2      | Killed Crazy Yiuf
  1160 | D:2      | Reached skill level 4 in Axes
  1160 | D:2      | Reached XP level 4. HP: 16/35 MP: 4/4
  1346 | D:2      | Reached XP level 5. HP: 36/41 MP: 5/5
  1416 | D:2      | Found an iron altar of Okawaru.
  1668 | D:3      | Reached skill level 5 in Axes
  1867 | D:3      | Found a shattered altar of Ashenzari.
  1990 | D:3      | Found a sparkling altar of Nemelex Xobeh.
  2227 | D:4      | Found an ancient bone altar of Kikubaaqudgha.
  2282 | D:4      | Reached XP level 6. HP: 22/47 MP: 6/6
  2469 | D:4      | Reached skill level 6 in Axes
  2477 | D:4      | Noticed a phantom
  2554 | D:4      | Killed a phantom
  2578 | D:4      | Noticed a phantom
  2596 | D:4      | Killed a phantom
  2596 | D:4      | Reached skill level 7 in Axes
  2596 | D:4      | Reached XP level 7. HP: 14/52 MP: 7/7
  2676 | D:4      | Noticed Duvessa
  2678 | D:4      | Noticed Dowan
  2682 | D:4      | Killed Duvessa
  2687 | D:4      | Killed Dowan
  2687 | D:4      | Reached skill level 8 in Axes
  3134 | D:4      | Found a deep blue altar of Sif Muna.
  3134 | D:4      | Found a blossoming altar of Fedhas.
  3708 | D:5      | Entered Level 5 of the Dungeon
  3770 | D:5      | Reached XP level 8. HP: 46/58 MP: 8/8
  3829 | D:5      | Reached skill level 5 in Shields
  4272 | D:5      | Found a staircase to the Ecumenical Temple.
  4360 | Temple   | Entered the Ecumenical Temple
  4384 | Temple   | Became a worshipper of Cheibriados the Contemplative
  5662 | D:6      | Found an opulent altar of Gozag.
  5919 | D:7      | Reached XP level 9. HP: 58/64 MP: 9/9
  5941 | D:7      | Reached * piety under Cheibriados
  6211 | D:8      | Reached skill level 9 in Axes
  6250 | D:8      | Noticed Grum
  6268 | D:8      | Killed Grum
  6542 | D:8      | Noticed xccam's ghost (journeyman FoFi)
  6584 | D:8      | Killed xccam's ghost
  6584 | D:8      | Reached skill level 10 in Axes
  6616 | D:8      | Noticed Maurice
  6627 | D:8      | Slain by an orc warrior

Vault maps used:
D:1:      dpeg_arrival_yet_another_circle, minmay_stone_trees_medium
D:2:      nicolae_overflow_hidden_temple, uniq_crazy_yiuf_cottage
D:3:      lemuel_round_altar, first_ration, evilmike_ruin_ashenzari
D:4:      gammafunk_temple_overflow_elements, nicolae_overflow_crystal_walls,
          uniq_duvessa
D:5:      minmay_temple_entry_statues
D:6:      kennysheep_mini
D:7:      grunt_ogre_cave, solitary_fountain
D:8:      serial_shops, shop, uniq_maurice, uniq_erica, uniq_grum,
          uniq_prince_ribbit1
Temple:   regret_index_temple_sphere_string

Skill      XL: |  1  2  3  4  5  6  7  8  9 |
---------------+----------------------------+-----
Axes           | 3 4 5 7 8 10 | 10.9
Shields        | 4 8 9 |  9.1
Fighting       | |  3.2
Armour         | |  3.2

Action                   |  1- 3 |  4- 6 |  7- 9 || total
-------------------------+-------+-------+-------++-------
Melee: War axe           |    94 |   162 |   264 ||   520
Invok: Bend Time         |       |       |     1 ||     1
  Use: Potion            |       |       |     9 ||     9
       Scroll            |       |       |     6 ||     6
  Eat: Chunk             |     1 |     4 |     7 ||    12
       Ration            |       |       |     2 ||     2
Armor: Scale mail        |    34 |    51 |    57 ||   142
       Skin              |       |       |    15 ||    15
Dodge: Dodged            |    22 |    39 |    70 ||   131
Block: Shield            |    47 |    84 |   146 ||   277

Table legend:
 A = Spawn XP
 B = Non-spawn XP
 C = Spawn XP percentage of total XP
 D = Spawn monster count
 E = Non-spawn monster count
 F = Spawn count percentage of total count
 G = Total turns spent on level
                    A         B        C        D         E        F      G
               +---------+---------+-------+---------+---------+-------+---------
         Total |       0 |    3783 |   0.0 |       0 |     139 |   0.0 |  6627
               +---------+---------+-------+---------+---------+-------+---------
           D:1 |       0 |      28 |   0.0 |       0 |      17 |   0.0 |   770
           D:2 |       0 |     122 |   0.0 |       0 |      21 |   0.0 |   852
           D:3 |       0 |     109 |   0.0 |       0 |      25 |   0.0 |   420
           D:4 |       0 |     658 |   0.0 |       0 |      16 |   0.0 |  1666
           D:5 |       0 |     545 |   0.0 |       0 |      22 |   0.0 |  1012
           D:6 |       0 |     467 |   0.0 |       0 |      19 |   0.0 |  1069
           D:7 |       0 |     433 |   0.0 |       0 |      13 |   0.0 |   384
           D:8 |       0 |    1421 |   0.0 |       0 |       6 |   0.0 |   419
               +---------+---------+-------+---------+---------+-------+---------
